 Dungeon Crawl Stone Soup version 0.30-a0-883-g5ad918d77d (webtiles) character file.

Game seed: 3614777539582001164

2501 cforsyth the Ogre Mage (level 9, -2/69 (74) HPs)
             Began as an Ogre Fire Elementalist on Mar 18, 2023.
             Was a Believer of Vehumet.
             Slain by a sleepcap (7 damage)
             ... on level 7 of the Dungeon.
             The game lasted 00:11:21 (9331 turns).

cforsyth the Ogre Mage (Ogre Fire Elementalist)     Turns: 9331, Time: 00:11:22

HP:   -2/69 (74)    AC:  3    Str: 14    XL:     9   Next: 53%
MP:   11/21         EV:  9    Int: 20    God:    Vehumet [**....]
Gold: 409           SH:  0    Dex:  9    Spells: 17/24 levels left

rFire   . . .      SeeInvis .    t - +3 war axe of Xepidde {heavy, rElec}
rCold   . . .      Faith    .    (no shield)
rNeg    . . .      Spirit   .    a - +0 robe
rPois   .          Reflect  .    (helmet restricted)
rElec   +          Rampage  .    (no cloak)
rCorr   .                        (gloves unavailable)
Will    .....                    (boots unavailable)
Stlth   +                        (no amulet)
HPRegen 0.31/turn                (no ring)
MPRegen 0.17/turn                (no ring)

@: mesmerised, drained
A: large, unfitting armour, tough skin 1
a: Renounce Religion


You were on level 7 of the Dungeon.
You worshipped Vehumet.
Vehumet was pleased with you.
You visited 1 branch of the dungeon, and saw 7 of its levels.

You collected 409 gold pieces.

Inventory:

Hand Weapons
 t - the +3 war axe of Xepidde (weapon) {heavy, rElec}
   (You found it on level 4 of the Dungeon)

   rElec:     It insulates you from electricity.
Armour
 a - a +0 robe (worn)
Jewellery
 g - a ring of positive energy
 k - a ring of protection from fire
 l - a ring of protection from fire
 v - a ring of protection from fire
 w - a +6 ring of strength
 x - a +6 ring of dexterity
 z - a ring of flight
Wands
 m - a wand of flame (10)
 y - a wand of acid (8)
 A - a wand of iceblast (13)
 D - a wand of polymorph (9)
Scrolls
 c - 15 scrolls of identify {unknown}
 d - 3 scrolls of teleportation {unknown}
 e - a scroll of fear
 f - 2 scrolls of poison {unknown}
 h - 3 scrolls of noise {unknown}
 i - 2 scrolls of immolation {unknown}
 j - a scroll of vulnerability {unknown}
 q - 2 scrolls of silence {unknown}
 r - 2 scrolls of magic mapping {unknown}
 u - 2 scrolls of fog {unknown}
 B - a scroll of blinking {unknown}
Potions
 b - a potion of magic
 n - 4 potions of heal wounds {unknown}
 o - 2 potions of lignification {unknown}
 p - 2 potions of might {unknown}
 s - a potion of curing {unknown}
 C - a potion of cancellation {unknown}


   Skills:
 - Level 1.9 Dodging
 - Level 1.5 Stealth
 + Level 8.3 Spellcasting
 + Level 6.6 Conjurations
 + Level 7.2 Fire Magic


You had 17 spell levels left.
You knew the following spells:

 Your Spells              Type           Power      Damage    Failure   Level
a - Foxfire               Conj/Fire      100%       2x1d9     1%          1
b - Scorch                Fire           74%        2d8       1%          2
c - Flame Wave            Conj/Fire      36%        2d10      4%          4

Your spell library contained the following spells:

 Spells                   Type           Power      Damage    Failure   Level
 Shock                    Conj/Air       84%        1d8       2%          1
 Kiss of Death            Conj/Necr      84%        2d11      2%          1
 Inner Flame              Hex/Fire       22%        N/A       5%          3
 Apportation              Tloc           16%        N/A       9%          1
 Necrotise                Necr           32%        1d5       9%          1
 Summon Small Mammal      Summ           32%        N/A       9%          1
 Kindle Blastsparks       Fire/Tloc/Air  34%        2d12      10%         3
 Mephitic Cloud           Conj/Pois/Air  17%        N/A       10%         3
 Cigotuvi's Dreadful Rot  Necr/Pois/Air  16%        N/A       13%         2
 Lesser Beckoning         Tloc           16%        N/A       13%         2
 Poisonous Vapours        Pois/Air       16%        N/A       13%         2
 Confusing Touch          Hex            8%         N/A       26%         3
 Gell's Gravitas          Tloc           8%         N/A       26%         3
 Teleport Other           Tloc           8%         N/A       26%         3
 Vhi's Electric Charge    Tloc/Air       16%        N/A       26%         3
 Arcjolt                  Conj/Air       10%        1d20      52%         5
 Dispel Undead            Necr           8%         3d8       63%         4
 Olgreb's Toxic Radiance  Pois           8%         N/A       63%         4
 Ozocubu's Refrigeration  Ice            4%         4d8       100%        7
 Ignition                 Fire           18%        3d7       100%        8
 Maxwell's Capacitive Co  Air            4%         ∞         100%        8


Dungeon Overview and Level Annotations

Branches:
Dungeon (7/15)             Temple (0/1) D:4

Altars:
Makhleb
Vehumet
Wu Jian
Xom
Zin

Annotations:
D:6 1 runed translucent door, Crazy Yiuf
D:7 Maggie


Innate Abilities, Weirdness & Mutations

You are too large for most types of armour.
You have tough skin. (AC +1)


Message History

The foxfire hits Maggie.
Maggie is moderately wounded.
A sleepcap comes into view.
You conjure some foxfire!
The foxfire hits Maggie but does no damage.
Maggie is moderately wounded.
The foxfire hits Maggie but does no damage.
Maggie is moderately wounded.
You conjure some foxfire!
The foxfire hits Maggie.
Maggie is moderately wounded.
The foxfire hits Maggie but does no damage.
Maggie is moderately wounded.
Maggie closely misses you.
You conjure some foxfire!
The foxfire hits the sleepcap!
The sleepcap is moderately damaged.
The foxfire hits the sleepcap!
The sleepcap is heavily damaged.
Maggie hits you from afar with a +0 glaive of draining!
You feel drained. The sleepcap releases spores at you.
You are too injured to fight recklessly!
Unknown command.
Unknown command.
Unknown command.
Unknown command.
Unknown command.
Casting: Foxfire (safe; 1% risk of failure)
Confirm with . or Enter, or press ? or * to list all spells.
Flames lash the sleepcap.
The sleepcap is severely damaged.
The sleepcap's fire resistance burns away.
The foxfire hits Maggie.
Maggie is moderately wounded.
The foxfire hits the sleepcap but does no damage.
The sleepcap is severely damaged.
Maggie hits you from afar with a +0 glaive of draining!!
* * * LOW HITPOINT WARNING * * *
You feel drained.
* * * LOW HITPOINT WARNING * * *
The sleepcap releases spores at you!
You die...

#........#
#........# .
#........# ..
#...)....##### ...
+........'..># ....
#........###.# .....
#........# #.#
......#####........#
#.#
.....@f@§......#####
#.#
........§.........#
#.#
..................#
#.#
#.................#
#.#
..................#
#.#
......!........####
#.#
.................
####.#
............####.
#....# #.##.#


You could see Maggie (mesmerising) and a sleepcap (combustible).

Vanquished Creatures
  3 yaks (D:6)
  Eustachio (D:4)
  Menkaure (D:4)
  Duvessa (D:6)
  2 water moccasins
  An ice beast (D:7)
  3 ogres
  A phantom (D:4)
  3 bullfrogs (D:6)
  Dowan (D:6)
  A jelly (D:5)
  2 hounds (D:6)
  4 orc priests
  A sleepcap (D:4)
  Natasha (thrice) (D:3)
  4 iguanas
  6 orc wizards
  5 gnolls
  10 adders
  3 ufetubi
  2 worms
  4 dart slugs
  17 orcs
  4 ball pythons
  6 endoplasms
  3 giant cockroaches
  6 goblins
  5 hobgoblins
  12 jackals
  12 kobolds
  2 quokkas
  2 bats
  3 frilled lizards
  5 rats
  A butterfly (D:4)
140 creatures vanquished.

Vanquished Creatures (others)
  827 foxfires
  16 plants (D:1)
843 creatures vanquished.

Grand Total: 983 creatures vanquished

Notes
Turn   | Place    | Note
-------+----------+-------------------------------------------
     0 | D:1      | cforsyth the Ogre Fire Elementalist began the quest for the
                  | Orb.
     0 | D:1      | Reached XP level 1. HP: 16/16 MP: 3/3
     6 | D:1      | Noticed an anaconda
     6 | D:1      | Noticed a killer bee
     6 | D:1      | Noticed a rime drake
     7 | D:1      | Noticed a snapping turtle
    84 | D:1      | Reached skill level 1 in Conjurations
   215 | D:1      | Reached XP level 2. HP: 24/24 MP: 0/5
   507 | D:1      | Reached XP level 3. HP: 27/31 MP: 1/7
   607 | D:1      | Reached skill level 3 in Spellcasting
  1969 | D:2      | Reached XP level 4. HP: 27/39 MP: 2/9
  2375 | D:2      | Found a faded altar of an unknown god.
  2642 | D:3      | Learned a level 2 spell: Scorch
  2649 | D:2      | Learned a level 4 spell: Flame Wave
  3022 | D:3      | Found a shimmering altar of Xom.
  3664 | D:3      | Reached XP level 5. HP: 45/45 MP: 5/10
  3721 | D:3      | Noticed Natasha
  3724 | D:3      | Found a radiant altar of Vehumet.
  3729 | D:3      | Killed Natasha
  3737 | D:3      | Became a worshipper of Vehumet
  3741 | D:3      | Noticed Natasha
  3746 | D:3      | Killed Natasha
  3747 | D:3      | Reached skill level 4 in Spellcasting
  3776 | D:3      | Noticed Natasha
  3779 | D:3      | Killed Natasha
  4173 | D:3      | Identified the +3 dagger of the Mouth {distort, Str+3}
  4261 | D:4      | Noticed an ogre
  4268 | D:4      | Killed an ogre
  4269 | D:4      | Reached XP level 6. HP: 53/53 MP: 5/12
  4320 | D:4      | Found an ornate altar of the Wu Jian Council.
  4436 | D:4      | Found a staircase to the Ecumenical Temple.
  5010 | D:4      | Noticed Eustachio
  5021 | D:4      | Killed Eustachio
  5022 | D:4      | Reached skill level 5 in Spellcasting
  5022 | D:4      | Reached XP level 7. HP: 42/59 MP: 0/14
  5134 | D:4      | Noticed Menkaure
  5139 | D:4      | Killed Menkaure
  5458 | D:4      | Reached skill level 5 in Fire Magic
  5698 | D:4      | Identified the +3 war axe of Xepidde {heavy, rElec}
  6022 | D:4      | Reached XP level 8. HP: 67/67 MP: 8/16
  6083 | D:4      | Reached skill level 6 in Spellcasting
  6256 | D:5      | Entered Level 5 of the Dungeon
  6256 | D:5      | Found a burning altar of Makhleb.
  6480 | D:5      | Reached * piety under Vehumet
  6480 | D:5      | Offered knowledge of Freeze by Vehumet.
  7456 | D:6      | Noticed a yak
  7462 | D:6      | Killed a yak
  7463 | D:6      | Reached skill level 5 in Conjurations
  7532 | D:6      | Noticed Duvessa
  7538 | D:6      | Noticed Dowan
  7543 | D:6      | Killed Duvessa
  7646 | D:6      | Killed Dowan
  7647 | D:6      | Reached skill level 7 in Spellcasting
  7857 | D:6      | Noticed a yak
  7860 | D:6      | Noticed a yak
  7869 | D:6      | Killed a yak
  7870 | D:6      | Reached XP level 9. HP: 64/74 MP: 12/20
  8226 | D:6      | Found a glowing silver altar of Zin.
  8809 | D:6      | Offered knowledge of Shock by Vehumet.
  8810 | D:6      | Reached skill level 8 in Spellcasting
  8934 | D:6      | Found a runed translucent door.
  8935 | D:6      | Noticed Crazy Yiuf
  8965 | D:7      | Reached ** piety under Vehumet
  9321 | D:7      | Noticed Maggie
  9331 | D:7      | Slain by a sleepcap

Illustrated notes

Levels and vault maps discovered:
D:1:      onia_arrival_zoo_common, layout_basic, lexackson_kobold_supper
D:2:      layout_basic, chequers_ecumenical_altar_island
D:3:      layout_basic, vehumet_altar_wand_db, mainiacjoe_overflow_paths,
          uniq_natasha
D:4:      minmay_octagon_keep, layout_layer_cave, nzn_wu_jian_council_hall,
          minmay_temple_entry_butterflies, uniq_menkaure, uniq_eustachio
D:5:      layout_basic, overflow_temple_1_default, minmay_misc_feat_nine_boxes
D:6:      layout_cave_pools, zin_academy, st_stairs_5, uniq_duvessa,
          uniq_crazy_yiuf_cottage
D:7:      layout_basic, minmay_misc_feat_square, uniq_maggie

Skill      XL: |  1  2  3  4  5  6  7  8  9 |
---------------+----------------------------+-----
Conjurations   | 1 2 3 4 5 6 |  6.6
Fire Magic     | 3 4 5 6 7 |  7.2
Spellcasting   | 3 4 5 7 8 |  8.3
Dodging        | |  1.9
Stealth        | |  1.5

Action                     |  1- 3 |  4- 6 |  7- 9 || total
---------------------------+-------+-------+-------++-------
  Melee: Unarmed           |     4 |    32 |       ||    36
         Punch             |       |     2 |       ||     2
         War axe           |       |       |     4 ||     4
   Cast: Foxfire           |    79 |   126 |   275 ||   480
         Scorch            |       |     5 |    17 ||    22
  Evoke: Wand              |       |     1 |       ||     1
    Use: Scroll            |       |     1 |       ||     1
 Armour: Robe              |    16 |    32 |    17 ||    65
  Dodge: Dodged            |    31 |    50 |    22 ||   103

Table legend: (Time is in decaauts)
 A = Elapsed time spent in this place.
 B = Non-inter-level travel time spent in this place.
 C = Inter-level travel time spent in this place.
 D = Time resting spent in this place.
 E = Time spent auto-exploring this place.
 F = Levels seen in this place.
 G = Mean time per level.
                   A        B        C        D        E       F      G
               +--------+--------+--------+--------+--------+-----+--------+
         Total |   9349 |   9163 |    186 |    562 |   7264 |   7 | 1335.6 |
       Dungeon |   9349 |   9163 |    186 |    562 |   7264 |   7 | 1335.6 |
               +--------+--------+--------+--------+--------+-----+--------+

Top non-repeatable levels by time:
     D:4: 2119 daAuts
     D:1: 1650 daAuts
     D:3: 1615 daAuts
     D:5: 1549 daAuts
     D:6: 1052 daAuts
     D:2: 992 daAuts
     D:7: 369 daAuts
